[ AOE2 MATCH · #482011308 ]
Team RMBulgarians vs Bulgarians
[ REPLAY ANALYSIS · EXTRACTED FROM THE RECORDED GAME ]
Feudal
11:03
Castle
—
Imperial
—
| APM avg | 29.6 |
| APM peak | 59 |
| eAPM avg | 14.8 |
| Villagers / military | 47 / 11 |
Focus
⚔️ 11.7% · 🌾 88.3%
Scout Cavalry ×11
Feudal
9:56
Castle
23:17
Imperial
—
| APM avg | 86.3 |
| APM peak | 133 |
| eAPM avg | 28.6 |
| Villagers / military | 60 / 55 |
Focus
⚔️ 23.7% · 🌾 76.3%
Archer ×44 · Knight ×11
Feudal
9:27
Castle
24:00
Imperial
—
| APM avg | 26.1 |
| APM peak | 60 |
| eAPM avg | 11.8 |
| Villagers / military | 49 / 31 |
Focus
⚔️ 20.8% · 🌾 79.2%
Knight ×17 · Scout Cavalry ×12 · Spearman ×2
Feudal
9:41
Castle
19:34
Imperial
—
| APM avg | 44.5 |
| APM peak | 91 |
| eAPM avg | 15.4 |
| Villagers / military | 48 / 35 |
Focus
⚔️ 31.0% · 🌾 69.0%
Skirmisher ×22 · Militia ×8 · Konnik ×4 · Scorpion ×1
Match map
Initial resources + every placement click. Lines = walls · curves = elevation contours. ◆ gold · ⬟ stone · ● berries · ✦ relic · ◌ wall gap
Your base· Open — unwalled flank
Jucoda's base· Open — unwalled flank
Bolsa de teorias's base· Open — 7t gap
TiTaN_RJ's base· Open — unwalled flank
Smoothed initial terrain · ◌ = detected wall gap · hover for details
Inputs per minute
— lean_maldo - - Jucoda
Build order — lean_maldo
98 actions detected in the replay
| 0:03 | Build | House |
| 0:05 | Build | House |
| 0:05 | Create | Villager (Male) |
| 0:06 | Create | Villager (Male) |
| 0:06 | Create | Villager (Male) |
| 0:06 | Create | Villager (Male) |
| 0:06 | Create | Villager (Male) |
| 1:32 | Create | Villager (Male) |
| 1:51 | Build | Lumber Camp |
| 2:19 | Create | Villager (Male) |
| 2:56 | Create | Villager (Male) |
| 3:59 | Research | Loom |
| 4:33 | Create | Villager (Male) |
| 4:33 | Create | Villager (Male) |
| 4:57 | Create | Villager (Male) |
| 4:58 | Create | Villager (Male) |
| 5:07 | Build | Mill |
| 5:18 | Build | House |
| 5:45 | Create | Villager (Male) |
| 5:45 | Create | Villager (Male) |
| 6:10 | Create | Villager (Male) |
| 6:43 | Create | Villager (Male) |
| 6:43 | Create | Villager (Male) |
| 7:08 | Create | Villager (Male) |
| 7:49 | Create | Villager (Male) |
| 8:03 | Build | House |
| 8:53 | Research | Feudal Age |
| 9:34 | Create | Villager (Male) |
| 9:34 | Create | Villager (Male) |
| 9:35 | Create | Villager (Male) |
| 9:51 | Build | Mining Camp |
| 10:50 | Build | Barracks |
| 10:53 | Build | House |
| 10:56 | Create | Villager (Male) |
| 11:03 | Age | Feudal Age |
| 11:14 | Build | Watch Tower |
| 11:25 | Build | Watch Tower |
| 12:03 | Build | Mining Camp |
| 12:17 | Build | House |
| 13:18 | Build | Stable |
| 13:58 | Create | Villager (Male) |
| 13:58 | Create | Villager (Male) |
| 13:59 | Create | Villager (Male) |
| 14:56 | Create | Villager (Male) |
| 14:56 | Create | Villager (Male) |
| 15:13 | Build | Mill |
| 15:54 | Create | Scout Cavalry |
| 16:47 | Build | Watch Tower |
| 16:50 | Create | Scout Cavalry |
| 16:58 | Create | Villager (Male) |
| 16:58 | Create | Villager (Male) |
| 17:15 | Create | Scout Cavalry |
| 18:01 | Create | Scout Cavalry |
| 18:01 | Create | Scout Cavalry |
| 18:20 | Build | Watch Tower |
| 18:55 | Create | Villager (Male) |
| 19:18 | Build | Farm |
| 19:18 | Build | Farm |
| 19:19 | Build | Farm |
| 19:19 | Build | Farm |
| 19:45 | Create | Villager (Male) |
| 20:35 | Build | Farm |
| 20:35 | Build | Farm |
| 20:42 | Create | Villager (Male) |
| 22:00 | Create | Villager (Male) |
| 22:00 | Create | Villager (Male) |
| 22:02 | Build | Farm |
| 22:02 | Build | Farm |
| 22:26 | Create | Villager (Male) |
| 23:20 | Create | Villager (Male) |
| 23:20 | Create | Villager (Male) |
| 23:23 | Build | Farm |
| 23:23 | Build | Farm |
| 23:30 | Create | Villager (Male) |
| 23:30 | Create | Villager (Male) |
| 23:33 | Build | Farm |
| 23:33 | Build | Farm |
| 24:00 | Create | Scout Cavalry |
| 24:55 | Research | Bloodlines |
| 25:16 | Create | Scout Cavalry |
| 25:36 | Create | Scout Cavalry |
| 25:42 | Create | Villager (Male) |
| 25:42 | Create | Villager (Male) |
| 25:45 | Build | Farm |
| 25:45 | Build | Farm |
| 25:50 | Create | Villager (Male) |
| 26:45 | Create | Scout Cavalry |
| 26:50 | Create | Scout Cavalry |
| 27:35 | Create | Villager (Male) |
| 27:36 | Create | Villager (Male) |
| 27:38 | Build | Farm |
| 27:38 | Build | Farm |
| 27:39 | Build | Farm |
| 27:59 | Create | Scout Cavalry |
| 28:11 | Create | Villager (Male) |
| 28:18 | Create | Villager (Male) |
| 28:24 | Research | Double-Bit Axe |
| 28:29 | Research | Horse Collar |
Build order — Jucoda
First 150 of 195 actions detected
| 0:02 | Create | Villager (Male) |
| 0:02 | Create | Villager (Male) |
| 0:02 | Create | Villager (Male) |
| 0:03 | Build | House |
| 0:04 | Build | House |
| 0:09 | Create | Villager (Male) |
| 1:25 | Create | Villager (Male) |
| 1:45 | Build | Lumber Camp |
| 2:00 | Create | Villager (Male) |
| 2:16 | Create | Villager (Male) |
| 2:49 | Create | Villager (Male) |
| 3:07 | Create | Villager (Male) |
| 3:07 | Create | Villager (Male) |
| 3:37 | Create | Villager (Male) |
| 3:37 | Create | Villager (Male) |
| 4:00 | Build | House |
| 4:01 | Build | House |
| 4:03 | Create | Villager (Male) |
| 4:28 | Research | Loom |
| 4:35 | Build | Mill |
| 4:47 | Build | Palisade Wall |
| 4:58 | Create | Villager (Male) |
| 4:58 | Create | Villager (Male) |
| 4:59 | Create | Villager (Male) |
| 4:59 | Create | Villager (Male) |
| 6:12 | Create | Villager (Male) |
| 6:12 | Create | Villager (Male) |
| 7:19 | Create | Villager (Male) |
| 7:46 | Research | Feudal Age |
| 7:46 | Research | Feudal Age |
| 7:50 | Build | Mining Camp |
| 8:10 | Build | Barracks |
| 8:12 | Build | House |
| 9:17 | Build | House |
| 9:42 | Create | Villager (Male) |
| 9:43 | Create | Villager (Male) |
| 9:56 | Age | Feudal Age |
| 9:58 | Build | Archery Range |
| 10:01 | Research | Double-Bit Axe |
| 10:27 | Build | Archery Range |
| 10:32 | Create | Villager (Male) |
| 10:41 | Create | Archer |
| 10:41 | Create | Archer |
| 10:45 | Build | Palisade Wall |
| 11:08 | Create | Archer |
| 11:08 | Create | Archer |
| 11:08 | Create | Archer |
| 11:15 | Build | House |
| 11:18 | Build | House |
| 11:20 | Build | House |
| 11:22 | Build | House |
| 11:42 | Create | Archer |
| 11:42 | Create | Archer |
| 12:03 | Create | Villager (Male) |
| 12:03 | Create | Villager (Male) |
| 12:09 | Build | Mill |
| 12:11 | Create | Villager (Male) |
| 12:12 | Create | Villager (Male) |
| 12:14 | Create | Archer |
| 12:31 | Create | Archer |
| 12:58 | Build | Farm |
| 13:00 | Build | Farm |
| 13:02 | Build | Farm |
| 13:06 | Create | Villager (Male) |
| 13:07 | Create | Archer |
| 13:26 | Build | Farm |
| 13:29 | Build | Farm |
| 13:31 | Create | Archer |
| 13:41 | Create | Archer |
| 13:46 | Create | Villager (Male) |
| 13:54 | Build | Farm |
| 14:00 | Create | Archer |
| 14:00 | Create | Archer |
| 14:29 | Create | Archer |
| 14:44 | Build | Blacksmith |
| 14:45 | Build | House |
| 14:50 | Create | Archer |
| 14:50 | Create | Archer |
| 14:54 | Create | Villager (Male) |
| 14:54 | Create | Villager (Male) |
| 14:55 | Create | Villager (Male) |
| 15:00 | Create | Archer |
| 15:12 | Build | Farm |
| 15:17 | Create | Archer |
| 15:17 | Create | Archer |
| 15:42 | Research | Fletching |
| 15:42 | Research | Fletching |
| 15:55 | Create | Archer |
| 16:23 | Create | Archer |
| 16:45 | Create | Archer |
| 16:57 | Create | Villager (Male) |
| 16:57 | Create | Villager (Male) |
| 17:15 | Create | Archer |
| 17:15 | Create | Archer |
| 17:16 | Create | Villager (Male) |
| 17:16 | Create | Villager (Male) |
| 17:17 | Create | Villager (Male) |
| 17:19 | Build | Farm |
| 17:21 | Build | Farm |
| 17:23 | Build | Farm |
| 17:24 | Create | Villager (Male) |
| 17:31 | Build | Farm |
| 17:33 | Build | Farm |
| 17:36 | Build | Farm |
| 17:37 | Create | Villager (Male) |
| 17:41 | Research | Padded Archer Armor |
| 18:23 | Create | Archer |
| 18:23 | Create | Archer |
| 18:24 | Create | Archer |
| 18:27 | Create | Villager (Male) |
| 18:27 | Create | Villager (Male) |
| 18:27 | Create | Villager (Male) |
| 18:30 | Build | House |
| 18:35 | Create | Villager (Male) |
| 18:36 | Create | Villager (Male) |
| 19:08 | Create | Archer |
| 19:09 | Create | Archer |
| 19:09 | Create | Archer |
| 19:11 | Research | Town Watch |
| 19:23 | Build | House |
| 19:25 | Build | Palisade Wall |
| 19:27 | Build | Palisade Wall |
| 19:29 | Build | Palisade Wall |
| 20:15 | Build | Market |
| 20:37 | Research | Castle Age |
| 20:37 | Research | Castle Age |
| 21:05 | Create | Archer |
| 22:10 | Create | Archer |
| 22:11 | Create | Archer |
| 22:11 | Create | Archer |
| 22:11 | Create | Archer |
| 23:17 | Age | Castle Age |
| 23:20 | Create | Archer |
| 23:20 | Create | Archer |
| 23:21 | Create | Archer |
| 23:22 | Research | Crossbowman (upgrade) |
| 23:22 | Research | Crossbowman (upgrade) |
| 23:23 | Research | Bodkin Arrow |
| 23:34 | Create | Archer |
| 23:34 | Create | Archer |
| 23:34 | Create | Archer |
| 23:35 | Create | Archer |
| 23:37 | Research | Wheelbarrow |
| 23:37 | Research | Wheelbarrow |
| 23:38 | Create | Villager (Male) |
| 23:43 | Build | Town Center |
| 23:46 | Create | Villager (Male) |
| 23:46 | Create | Villager (Male) |
| 24:17 | Create | Archer |
| 24:38 | Create | Villager (Male) |
Build order — Bolsa de teorias
121 actions detected in the replay
| 0:00 | Create | Villager (Male) |
| 0:01 | Create | Villager (Male) |
| 0:01 | Create | Villager (Male) |
| 0:58 | Create | Villager (Male) |
| 1:35 | Create | Villager (Male) |
| 1:56 | Build | Lumber Camp |
| 2:01 | Create | Villager (Male) |
| 2:33 | Create | Villager (Male) |
| 2:44 | Create | Villager (Male) |
| 3:15 | Create | Villager (Male) |
| 3:49 | Create | Villager (Male) |
| 4:15 | Create | Villager (Male) |
| 4:37 | Create | Villager (Male) |
| 4:41 | Create | Villager (Male) |
| 5:09 | Create | Villager (Male) ×2 |
| 5:36 | Build | Mill |
| 6:19 | Create | Villager (Male) |
| 6:43 | Research | Loom |
| 6:51 | Build | Farm |
| 7:17 | Research | Feudal Age |
| 8:23 | Build | Barracks |
| 8:32 | Build | Palisade Wall |
| 9:06 | Create | Villager (Male) |
| 9:27 | Age | Feudal Age |
| 9:32 | Build | Stable |
| 9:34 | Create | Villager (Male) |
| 9:36 | Research | Double-Bit Axe |
| 10:01 | Build | Palisade Wall |
| 10:15 | Create | Scout Cavalry |
| 10:19 | Build | Farm |
| 10:21 | Build | Farm |
| 10:27 | Create | Scout Cavalry |
| 10:32 | Build | Farm |
| 10:39 | Build | Palisade Wall |
| 10:47 | Create | Villager (Male) |
| 10:54 | Build | Farm |
| 11:03 | Build | Farm |
| 11:06 | Build | Farm |
| 11:19 | Create | Villager (Male) |
| 11:50 | Create | Scout Cavalry |
| 11:58 | Build | Farm |
| 11:59 | Build | Farm |
| 12:08 | Build | Farm |
| 12:11 | Create | Villager (Male) |
| 12:22 | Create | Scout Cavalry |
| 12:52 | Create | Scout Cavalry |
| 12:53 | Create | Villager (Male) |
| 13:12 | Create | Scout Cavalry |
| 13:31 | Create | Villager (Male) |
| 14:13 | Create | Scout Cavalry |
| 14:14 | Create | Villager (Male) |
| 14:38 | Create | Scout Cavalry |
| 14:38 | Create | Villager (Male) |
| 14:46 | Build | Farm |
| 14:47 | Build | Farm |
| 14:48 | Build | Farm |
| 14:49 | Build | Farm |
| 14:54 | Build | Blacksmith |
| 15:01 | Build | Palisade Wall |
| 15:03 | Create | Scout Cavalry |
| 15:09 | Create | Scout Cavalry |
| 15:39 | Research | Horse Collar |
| 15:40 | Create | Villager (Male) |
| 15:47 | Build | Farm |
| 15:48 | Build | Farm |
| 15:54 | Create | Scout Cavalry |
| 15:55 | Create | Villager (Male) |
| 16:09 | Build | Farm |
| 16:14 | Build | Mining Camp |
| 16:35 | Create | Scout Cavalry |
| 16:39 | Create | Villager (Male) |
| 16:52 | Research | Scale Barding Armor |
| 17:00 | Create | Villager (Male) |
| 17:25 | Create | Villager (Male) |
| 17:53 | Research | Wheelbarrow |
| 18:07 | Create | Villager (Male) |
| 18:31 | Research | Bloodlines |
| 18:32 | Create | Villager (Male) |
| 18:57 | Create | Spearman |
| 18:57 | Create | Spearman |
| 19:03 | Create | Villager (Male) |
| 19:27 | Research | Forging |
| 19:28 | Create | Villager (Male) |
| 19:28 | Create | Villager (Male) |
| 19:37 | Build | Farm |
| 19:39 | Build | Farm |
| 20:02 | Build | Market |
| 20:23 | Create | Villager (Male) |
| 21:20 | Research | Castle Age |
| 21:55 | Create | Villager (Male) |
| 22:01 | Research | Gold Mining |
| 22:22 | Build | Stable |
| 23:53 | Create | Villager (Male) |
| 24:00 | Age | Castle Age |
| 24:12 | Create | Knight ×5 |
| 24:28 | Research | Chain Barding Armor |
| 24:32 | Create | Villager (Male) |
| 24:55 | Build | Town Center |
| 25:02 | Create | Knight |
| 25:03 | Create | Villager (Male) |
| 25:10 | Create | Villager (Male) |
| 25:20 | Create | Knight |
| 25:23 | Research | Husbandry |
| 25:26 | Create | Knight |
| 25:27 | Create | Villager (Male) |
| 25:39 | Research | Iron Casting |
| 26:04 | Build | Town Center |
| 26:25 | Create | Knight ×2 |
| 26:26 | Create | Villager (Male) |
| 26:31 | Create | Villager (Male) |
| 26:45 | Create | Villager (Male) |
| 26:47 | Create | Villager (Male) |
| 27:33 | Create | Villager (Male) |
| 27:42 | Build | Farm |
| 27:44 | Build | Farm |
| 27:50 | Create | Knight |
| 28:03 | Create | Villager (Male) |
| 28:07 | Create | Villager (Male) |
| 28:23 | Build | Lumber Camp |
| 28:36 | Create | Knight ×5 |
| 28:59 | Create | Knight |
Build order — TiTaN_RJ
First 150 of 162 actions detected
| 0:01 | Create | Villager (Male) |
| 0:01 | Create | Villager (Male) |
| 0:02 | Create | Villager (Male) |
| 0:02 | Create | Villager (Male) |
| 0:04 | Build | House |
| 0:06 | Build | House |
| 1:34 | Create | Villager (Male) |
| 1:47 | Build | Lumber Camp |
| 2:03 | Create | Villager (Male) |
| 2:24 | Create | Villager (Male) |
| 2:46 | Create | Villager (Male) |
| 3:06 | Create | Villager (Male) |
| 3:35 | Create | Villager (Male) |
| 3:51 | Build | House |
| 3:54 | Build | Mill |
| 4:03 | Create | Villager (Male) |
| 4:31 | Create | Villager (Male) |
| 4:52 | Create | Villager (Male) |
| 5:10 | Create | Villager (Male) |
| 5:15 | Create | Villager (Male) |
| 5:27 | Build | House |
| 6:02 | Create | Villager (Male) |
| 6:17 | Create | Villager (Male) |
| 6:47 | Build | Barracks |
| 6:49 | Build | Palisade Wall |
| 7:05 | Research | Loom |
| 7:31 | Research | Feudal Age |
| 7:50 | Build | Farm |
| 8:11 | Create | Militia |
| 8:11 | Create | Militia |
| 8:35 | Build | Farm |
| 8:49 | Create | Militia |
| 8:50 | Create | Villager (Male) |
| 9:36 | Build | Farm |
| 9:37 | Create | Militia |
| 9:41 | Age | Feudal Age |
| 9:42 | Build | Mining Camp |
| 10:05 | Build | House |
| 10:10 | Build | House |
| 10:16 | Create | Villager (Male) |
| 11:06 | Create | Villager (Male) |
| 11:08 | Create | Militia |
| 11:13 | Build | Mill |
| 11:30 | Create | Militia |
| 12:01 | Create | Villager (Male) |
| 12:08 | Create | Villager (Male) |
| 12:29 | Research | Double-Bit Axe |
| 12:29 | Research | Double-Bit Axe |
| 12:30 | Research | Horse Collar |
| 12:32 | Create | Villager (Male) |
| 13:15 | Build | Archery Range |
| 13:36 | Create | Villager (Male) |
| 13:50 | Build | Palisade Wall |
| 13:56 | Build | House |
| 14:19 | Create | Villager (Male) |
| 14:37 | Create | Skirmisher |
| 14:38 | Create | Villager (Male) |
| 14:45 | Build | House |
| 14:50 | Build | Blacksmith |
| 14:57 | Create | Militia |
| 15:07 | Build | Farm |
| 15:10 | Build | Farm |
| 15:13 | Build | Farm |
| 15:14 | Create | Villager (Male) |
| 15:40 | Create | Villager (Male) |
| 16:38 | Build | Blacksmith |
| 16:51 | Build | Lumber Camp |
| 16:54 | Research | Castle Age |
| 16:54 | Research | Castle Age |
| 17:02 | Create | Skirmisher |
| 17:02 | Create | Skirmisher |
| 17:08 | Build | Archery Range |
| 17:14 | Build | Farm |
| 17:24 | Build | Palisade Wall |
| 17:51 | Research | Fletching |
| 17:51 | Research | Fletching |
| 17:54 | Create | Skirmisher |
| 18:26 | Create | Skirmisher |
| 18:26 | Create | Skirmisher |
| 18:30 | Build | Palisade Wall |
| 18:33 | Build | Palisade Wall |
| 18:42 | Build | Palisade Gate |
| 18:53 | Build | House |
| 18:55 | Build | House |
| 18:58 | Build | Palisade Wall |
| 19:06 | Create | Villager (Male) |
| 19:17 | Create | Militia |
| 19:34 | Age | Castle Age |
| 19:43 | Research | Elite Skirmisher (upgrade) |
| 19:44 | Research | Padded Archer Armor |
| 19:54 | Create | Skirmisher |
| 20:00 | Build | Town Center |
| 20:21 | Build | House |
| 20:45 | Create | Villager (Male) |
| 20:56 | Create | Skirmisher |
| 21:11 | Create | Skirmisher |
| 21:18 | Build | Farm |
| 21:39 | Create | Skirmisher |
| 21:39 | Create | Skirmisher |
| 21:43 | Build | Farm |
| 21:46 | Build | Farm |
| 21:47 | Build | Farm |
| 22:23 | Build | Palisade Gate |
| 22:34 | Build | Farm |
| 22:35 | Build | Farm |
| 22:38 | Build | Farm |
| 22:48 | Create | Villager (Male) |
| 23:19 | Create | Skirmisher |
| 23:20 | Create | Skirmisher |
| 23:20 | Create | Skirmisher |
| 23:21 | Create | Skirmisher |
| 23:26 | Build | Siege Workshop |
| 23:29 | Create | Villager (Male) |
| 23:31 | Create | Villager (Male) |
| 23:54 | Create | Skirmisher |
| 23:54 | Create | Skirmisher |
| 24:02 | Build | House |
| 24:03 | Build | House |
| 24:09 | Create | Villager (Male) |
| 24:10 | Create | Villager (Male) |
| 24:35 | Research | Leather Archer Armor |
| 24:59 | Research | Bodkin Arrow |
| 24:59 | Research | Bodkin Arrow |
| 25:17 | Build | Krepost |
| 25:30 | Create | Skirmisher |
| 25:30 | Create | Skirmisher |
| 25:31 | Create | Skirmisher |
| 25:31 | Create | Villager (Male) |
| 25:48 | Create | Skirmisher |
| 25:49 | Create | Skirmisher |
| 26:03 | Create | Villager (Male) |
| 26:08 | Create | Scorpion |
| 26:21 | Create | Villager (Male) |
| 26:36 | Create | Villager (Male) |
| 26:38 | Build | Farm |
| 26:39 | Build | Farm |
| 26:43 | Build | Farm |
| 26:44 | Build | Farm |
| 26:47 | Create | Villager (Male) |
| 26:51 | Create | Villager (Male) |
| 26:54 | Build | Farm |
| 27:24 | Create | Villager (Male) |
| 27:24 | Create | Villager (Male) |
| 27:30 | Build | Mining Camp |
| 27:36 | Create | Villager (Male) |
| 27:37 | Create | Villager (Male) |
| 27:53 | Create | Konnik |
| 27:53 | Create | Konnik |
| 27:55 | Create | Villager (Male) |
| 27:59 | Build | Farm |
Match timeline
| 4:47 | Jucoda · wall_segment Palisade Wall x6 |
| 6:47 | TiTaN_RJ · first_building Barracks |
| 6:49 | TiTaN_RJ · wall_segment Palisade Wall x4 |
| 8:10 | Jucoda · first_building Barracks |
| 8:23 | Bolsa de teorias · first_building Barracks |
| 8:32 | Bolsa de teorias · wall_segment Palisade Wall x5 |
| 9:27 | Bolsa de teorias · age_up feudal |
| 9:32 | Bolsa de teorias · first_building Stable |
| 9:41 | TiTaN_RJ · age_up feudal |
| 9:56 | Jucoda · age_up feudal |
| 9:58 | Jucoda · first_building Archery Range |
| 10:01 | Bolsa de teorias · wall_segment Palisade Wall x2 |
| 10:39 | Bolsa de teorias · wall_segment Palisade Wall x4 |
| 10:45 | Jucoda · wall_segment Palisade Wall x1 |
| 10:50 | lean_maldo · first_building Barracks |
| 11:03 | lean_maldo · age_up feudal |
| 13:15 | TiTaN_RJ · first_building Archery Range |
| 13:18 | lean_maldo · first_building Stable |
| 13:50 | TiTaN_RJ · wall_segment Palisade Wall x1 |
| 15:01 | Bolsa de teorias · wall_segment Palisade Wall x7 |
| 17:24 | TiTaN_RJ · wall_segment Palisade Wall x10 |
| 18:30 | TiTaN_RJ · wall_segment Palisade Wall x1 |
| 18:33 | TiTaN_RJ · wall_segment Palisade Wall x7 |
| 18:58 | TiTaN_RJ · wall_segment Palisade Wall x1 |
| 19:25 | Jucoda · wall_segment Palisade Wall x1 |
| 19:27 | Jucoda · wall_segment Palisade Wall x1 |
| 19:29 | Jucoda · wall_segment Palisade Wall x1 |
| 19:34 | TiTaN_RJ · age_up castle |
| 21:11 | Bolsa de teorias · first_market_sell 100 wood |
| 21:12 | Bolsa de teorias · first_market_buy 100 food |
| 22:21 | Jucoda · first_market_sell 100 wood |
| 23:17 | Jucoda · age_up castle |
| 23:26 | TiTaN_RJ · first_building Siege Workshop |
| 24:00 | Bolsa de teorias · age_up castle |
| 25:17 | TiTaN_RJ · first_building Krepost |
| 25:25 | Jucoda · first_market_buy 100 wood |
| 25:28 | Jucoda · first_building Stable |
| 25:34 | Jucoda · wall_segment Palisade Wall x1 |
| 28:55 | lean_maldo · resign |
[ AI ANALYSIS · 1 CREDIT ]
What really happened in this match?
Wolo.gg analyzes every decision: build order, eco, micro, common mistakes by bracket. Personalized analysis on WhatsApp or Discord in 30 seconds.
Civ guide
Bulgarians
Map guide
Arabia
Perfil
Jugador #5878666